 Dungeon Crawl Stone Soup version 0.27.0-66-gdc8fb28755 (webtiles) character file.

Game seed: 1784852627502908346

160 hawla the Grave Robber (level 5, -9/29 HPs)
             Began as a Deep Elf Necromancer on Aug 20, 2021.
             Killed from afar by a white imp (13 damage)
             ... with a puff of frost
             ... summoned by Eustachio
             ... on level 4 of the Dungeon.
             The game lasted 00:05:16 (1744 turns).

hawla the Grave Robber (Deep Elf Necromancer)       Turns: 1744, Time: 00:05:16

Health: -9/29      AC:  2    Str:  5    XL:     5   Next: 17%
Magic:  12/12      EV: 13    Int: 21    God:
Gold:   60         SH:  0    Dex: 15    Spells: 3/11 levels left

rFire    . . .     SeeInvis .   f - +0 dagger
rCold    . . .     Faith    .   (no shield)
rNeg     . . .     Spirit   .   a - +0 robe
rPois    .         Reflect  .   (no helmet)
rElec    .         Harm     .   (no cloak)
rCorr    .         Rampage  .   (no gloves)
Will     .....                  (no boots)
Stlth    +.........             (no amulet)
HPRegen  0.09/turn              (no ring)
MPRegen  0.13/turn              (no ring)

@: confused, ambrosia-drunk, attractive
A: no striking features
a: no special abilities


You were on level 4 of the Dungeon.
You visited 1 branch of the dungeon, and saw 3 of its levels.

You collected 60 gold pieces.

Inventory:

Hand Weapons
 f - a +0 dagger (weapon)
Armour
 a - a +0 robe (worn)
Scrolls
 d - 2 scrolls of identify
 h - a scroll of vulnerability {unknown}
Potions
 b - a potion of flight


   Skills:
 - Level 1.0 Fighting
 - Level 1.0 Throwing
 + Level 3.8 Dodging
 + Level 3.7 Stealth
 + Level 3.8 Spellcasting
 + Level 5.5 Necromancy
 - Level 1.0 Evocations


You had 3 spell levels left.
You knew the following spells:

 Your Spells              Type           Power      Damage    Failure   Level
a - Pain                  Necr           100%       1d9       1%          1
b - Vampiric Draining     Necr           13%        2d7       3%          3
c - Animate Dead          Necr           13%        N/A       12%         4

Your spell library contained the following spells:

 Spells                   Type           Power      Damage    Failure   Level
 Animate Skeleton         Necr           54%        N/A       1%          1
 Agony                    Necr           27%        N/A       34%         5


Dungeon Overview and Level Annotations

Branches:
Dungeon (2/15)

Altars:

Annotations:
D:4 Eustachio


Message History

You draw life force from the endoplasm!
You kill the endoplasm!
You feel life coursing into your body.
The shadow imp shouts, "Slither home, thou grime-gilt fat-kidneyed flim-flammer!"
The shadow imp hits your dart slug. The quokka barely misses you.
The crimson imp closely misses you. The white imp hits you.
The white imp freezes you.
Your dart slug launches a dart at the shadow imp.
The slug dart hits the shadow imp.
It was a potion of attraction.
You feel attractive to monsters. The quokka barely misses you.
The shadow imp hits your dart slug.
The crimson imp blinks!
The white imp closely misses you. The quokka bites you.
Eustachio is pulled toward you! The crimson imp is pulled toward you!
It was a potion of ambrosia.
You are confused.
You feel invigorated. The shadow imp hits your dart slug.
Eustachio hits you with a +0 rapier.
Your dart slug launches a dart at the shadow imp.
The slug dart hits the shadow imp.
The quokka closely misses you.
The crimson imp blinks!
The white imp gestures at you. The puff of frost hits you!
* * * LOW HITPOINT WARNING * * *
The shadow imp hits your dart slug.
Eustachio mumbles some strange words.
The quokka closely misses you.
Your dart slug bites the shadow imp but does no damage.
The white imp hits you. The white imp freezes you.
* * * LOW HITPOINT WARNING * * *
The river rat is pulled toward you! The shadow imp hits your dart slug.
Your dart slug dies!
Your dart slug's corpse dissolves into shadows!
Eustachio hits you with a +0 rapier.
* * * LOW HITPOINT WARNING * * *
The quokka misses you. The white imp gestures at you.
The puff of frost hits you!
You die...

. ....... #.
#....... ##J
........ ...
........
#######.###.......
#..#..............
#..#.##.#.........
#..#.##.#5..#
#..#.##.#@r5#
#.##..#.##.#r@r#
#.#...#.##.#...#
#.#..##.##.#...#
#.#............#
#.###..............
#.#.'.........#####
#.#.#.........#
#.#.######....+


You could see Eustachio, 2 river rats, a white imp (summoned), a shadow imp
(summoned) and a quokka.

Vanquished Creatures
  A black bear (D:4)
  Jessica (D:2)
  A gnoll (D:1)
  An adder (D:4)
  An orc (D:4)
  A bat (D:1)
  5 endoplasms
  2 giant cockroaches (D:1)
  2 goblins
  4 hobgoblins (D:1)
  7 jackals (D:1)
  2 ball pythons (D:1)
  A frilled lizard (D:1)
  3 kobolds (D:1)
  2 rats (D:1)
34 creatures vanquished.

Vanquished Creatures (collateral kills)
  An adder skeleton (D:4)
1 creature vanquished.

Grand Total: 35 creatures vanquished

Notes
Turn   | Place    | Note
-------+----------+-------------------------------------------
     0 | D:1      | hawla the Deep Elf Necromancer began the quest for the Orb.
     0 | D:1      | Reached XP level 1. HP: 10/10 MP: 6/6
   144 | D:1      | Reached skill level 5 in Necromancy
   327 | D:1      | Reached XP level 2. HP: 11/15 MP: 5/8
   757 | D:1      | Reached XP level 3. HP: 18/19 MP: 7/9
   769 | D:1      | Learned a level 3 spell: Vampiric Draining
  1254 | D:1      | Found a faded altar of an unknown god.
  1484 | D:2      | Noticed Jessica
  1487 | D:2      | Killed Jessica
  1488 | D:2      | Reached skill level 1 in Throwing
  1488 | D:2      | Reached skill level 1 in Evocations
  1488 | D:2      | Reached XP level 4. HP: 24/24 MP: 4/10
  1493 | D:2      | Learned a level 4 spell: Animate Dead
  1579 | D:2      | You fall into a shaft and drop 2 floors!
  1719 | D:4      | Noticed a black bear
  1727 | D:4      | Noticed Eustachio
  1739 | D:4      | Killed a black bear
  1740 | D:4      | Reached skill level 1 in Fighting
  1740 | D:4      | Reached XP level 5. HP: 23/29 MP: 5/12
  1744 | D:4      | Killed from afar by a white imp

Illustrated notes

Levels and vault maps discovered:
D:1:      lemuel_arrival_river_ford, layout_rooms,
          hellmonk_ecumenical_altar_heavens_door
D:2:      layout_basic, serial_shops, nicolae_shop_behind_doors, uniq_jessica,
          uniq_robin, uniq_sigmund
D:4:      layout_basic, mainiacjoe_overflow_large_starburst,
          minmay_temple_entry_tees, minmay_unequal, uniq_crazy_yiuf_cottage,
          uniq_eustachio

Skill      XL: |  1  2  3  4 |
---------------+-------------+-----
Necromancy     | 5 |  5.5
Dodging        | 3 |  3.8
Stealth        | 3 |  3.7
Throwing       | 1 |  1.0
Evocations     | 1 |  1.0
Fighting       | 1 |  1.0
Spellcasting   | |  3.8

Action                   |  1- 3 |  4- 6 || total
-------------------------+-------+-------++-------
Melee: Unarmed           |     2 |       ||     2
       Dagger            |       |     1 ||     1
 Cast: Pain              |    48 |     7 ||    55
       Vampiric Draining |     2 |     3 ||     5
       Animate Dead      |       |     2 ||     2
  Use: Scroll            |       |     3 ||     3
       Potion            |       |     2 ||     2
 Stab: Distracted        |       |     1 ||     1
Armor: Robe              |     1 |     1 ||     2
Dodge: Dodged            |     9 |    12 ||    21
